[Event "Titled Tuesday Blitz November 08 Late 2022"]
[White "Floresvillar Gonzalez, Luis Migu"]
[Black "Gonzalez, Francisco Silva"]
[WhiteFideId "5100542"]
[BlackFideId "1512285"]
[WhiteElo "2040"]
[BlackElo "2159"]
[Result "1-0"]
[Round "06"]
[TimeControl "180+1"]
[Date "2022.11.09"]
[WhiteClock "0:00:04"]
[BlackClock "0:00:30"]

1. d4 Nf6 2. c3 d5 3. Bg5 c5 4. e3 Nc6 5. Bxf6 gxf6 6. Nf3 e5 7. Bb5 e4 8. Nh4 f5 9. g3 Be7 10. Ng2 cxd4 11. cxd4 a6 12. Bxc6+ bxc6 13. Nc3 h5 14. h4 Rb8 15. Rb1 Qa5 16. O-O Bd6 17. Qa4 Qxa4 18. Nxa4 a5 19. b3 Ba6 20. Rfc1 Bb5 21. Nc5 Ke7 22. Rc3 Rhc8 23. Rbc1 Rb6 24. a4 Be2 25. R1c2 Bf3 26. Ne1 Bg4 27. Ng2 Rcb8 28. Nf4 Bxf4 29. exf4 Kd6 30. Kf1 Bf3 31. Ke1 Rc8 32. Kd2 Rb4 33. Rc1 Rxd4+ 34. Ke3 Rb4 35. Kd2 d4 36. Rc4 Kd5 37. Rxb4 axb4 38. Na6 c5 39. a5 Rc6 40. Nb8 Rc8 41. Nd7 Rc7 42. Nf6+ Kc6 43. a6 Kb6 44. Nd5+ Kxa6 45. Nxc7+ Kb6 46. Ne8 e3+ 47. fxe3 dxe3+ 48. Kxe3 Bd5 49. Nd6 Bxb3 50. Nxf5 c4 51. Nd4 Ba2 52. Ra1 b3 53. Rc1 Kc5 54. Nxb3+ Bxb3 55. Rc3 Kb4 56. Kd2 f5 57. Re3 Ba2 58. Kc1 c3 59. Re5 Bf7 60. Rxf5 Be8 61. Rf8 Bd7 62. f5 Kc4 63. f6 Be6 64. Rh8 Kd5 65. Rxh5+ Kd6 66. Rh6 Ke5 67. g4 Bb3 68. g5 Kf5 69. Rh8 Kg6 70. Rb8 Ba4 71. Rb4 Bd7 72. Rb7 Bf5 73. Rg7+ Kh5 74. Rc7 Kg6 75. f7 Kg7 76. h5 c2 77. g6 Be6 78. Rxc2 Bg4 79. Rf2 Kh6 80. f8=Q+ Kxh5 81. Qh8+ Kg5 82. g7 Be6 83. g8=Q+ Bxg8 84. Qxg8+ Kh4 85. Qg7 Kh3 86. Rf6 1-0


[Site "https://www.chess.com"]

[Event "Titled Tuesday Blitz November 08 Late 2022"]
[White "Gareyev, Timur"]
[Black "Sebag, Marie"]
[WhiteFideId "14200937"]
[BlackFideId "617822"]
[WhiteElo "2552"]
[BlackElo "2440"]
[Result "0-1"]
[Round "06"]
[TimeControl "180+1"]
[Date "2022.11.08"]
[WhiteClock "0:00:02"]
[BlackClock "0:00:08"]

1. e4 c5 2. b4 b6 3. bxc5 bxc5 4. Nf3 Bb7 5. Nc3 g6 6. Rb1 Bc6 7. Bc4 Bg7 8. O-O d6 9. Re1 Nd7 10. d4 cxd4 11. Nxd4 Rc8 12. Ba6 Rc7 13. Ncb5 Bxb5 14. Nxb5 Rc6 15. Bb7 Rb6 16. Be3 Rxb7 17. Nxd6+ exd6 18. Rxb7 Qa5 19. Bd2 Qa6 20. Rxd7 Kxd7 21. e5 Bxe5 22. Bb4 Qb5 23. c3 Ne7 24. Qf3 Qd5 25. Qh3+ f5 26. Qe3 Nc6 27. Ba3 Qxa2 28. Bc1 Re8 29. Qh6 Qf7 30. Kf1 Bxc3 31. Rxe8 Qxe8 32. Be3 Qe7 33. Qf4 Be5 34. Qa4 Qe6 35. Qb5 Qa2 36. Qb7+ Ke6 37. Qxc6 Qb1+ 38. Ke2 Qb2+ 39. Kf3 Qb8 40. g4 fxg4+ 41. Kxg4 Qf8 42. Qc4+ Kd7 43. Qb5+ Ke6 44. Qb3+ d5 45. f4 Qf5+ 46. Kg3 Bd6 47. Qb7 Qe4 48. Qc8+ Ke7 49. Qb7+ Kf8 50. Kf2 Bxf4 0-1


[Site "https://www.chess.com"]

[Event "Titled Tuesday Blitz November 08 Late 2022"]
[White "Gasparyan, David"]
[Black "Harish, Neeraj"]
[WhiteFideId "13311980"]
[BlackFideId "30958130"]
[WhiteElo "2286"]
[BlackElo "1815"]
[Result "1-0"]
[Round "06"]
[TimeControl "180+1"]
[Date "2022.11.09"]
[WhiteClock "0:00:15"]
[BlackClock "0:00:02"]

1. Nf3 Nf6 2. c4 e6 3. g3 d5 4. Bg2 Be7 5. O-O O-O 6. d4 dxc4 7. Nbd2 c5 8. Nxc4 Nc6 9. dxc5 Bxc5 10. Bf4 Nd5 11. Bg5 f6 12. Bd2 e5 13. e4 Nde7 14. Qc2 Nd4 15. Nxd4 Bxd4 16. Bb4 Be6 17. Rac1 Rc8 18. Qe2 Qd7 19. Nd6 Rxc1 20. Rxc1 Nc6 21. Ba3 Rd8 22. Qb5 Bb6 23. Bf1 Qc7 24. Nf5 Nd4 25. Nxd4 Qxc1 26. Nxe6 Qd2 27. Qe2 Qxe2 28. Bxe2 Rd2 29. Kf1 Kf7 30. Nc5 Rc2 31. Nxb7 Bd4 32. Nd6+ Ke6 33. Nc4 Rc1+ 34. Kg2 Rc2 35. Kf3 g5 36. h3 h5 37. g4 hxg4+ 38. hxg4 Rc1 39. Ne3 Ra1 40. Bc4+ Kd7 41. Nf5 Rc1 42. Bb5+ Ke6 43. Nxd4+ exd4 44. Bd3 Ke5 45. b3 Ra1 46. Be7 Rxa2 47. Bd8 Rb2 48. Bc4 d3 49. Bc7+ Kd4 50. Ba5 d2 51. Ke2 1-0


[Site "https://www.chess.com"]

[Event "Titled Tuesday Blitz November 08 Late 2022"]
[White "Goltsev, Dmitry"]
[Black "Przybylski, Wojciech"]
[WhiteFideId "24176710"]
[BlackFideId "1117599"]
[WhiteElo "2289"]
[BlackElo "2221"]
[Result "1-0"]
[Round "06"]
[TimeControl "180+1"]
[Date "2022.11.09"]
[WhiteClock "0:01:09"]
[BlackClock "0:00:01"]

1. e4 e5 2. Nf3 Nf6 3. Nxe5 d6 4. Nf3 Nxe4 5. d3 Nf6 6. d4 d5 7. Bd3 Bd6 8. O-O O-O 9. c4 c6 10. Nc3 h6 11. h3 Be6 12. Ne5 Nbd7 13. f4 dxc4 14. Nxc4 Bc7 15. f5 Bd5 16. Nxd5 Nxd5 17. Qf3 Qf6 18. Qf2 Rfe8 19. Bd2 b5 20. Na3 Bb6 21. Nc2 a6 22. Rfe1 c5 23. Be4 Qd6 24. Rad1 N7f6 25. Bf3 cxd4 26. Nxd4 Rxe1+ 27. Bxe1 Rd8 28. Kh1 Nf4 29. Qf1 Bxd4 30. Bf2 Qe5 31. Qg1 N4h5 32. g4 Ng3+ 33. Bxg3 Qe7 34. Rxd4 1-0


[Site "https://www.chess.com"]

[Event "Titled Tuesday Blitz November 08 Late 2022"]
[White "Grigorov, Grigor"]
[Black "Rodriguez Santiago, Jaime"]
[WhiteFideId "2907313"]
[BlackFideId "3100898"]
[WhiteElo "2510"]
[BlackElo "2025"]
[Result "1-0"]
[Round "06"]
[TimeControl "180+1"]
[Date "2022.11.09"]
[WhiteClock "0:00:16"]
[BlackClock "0:00:20"]

1. Nf3 Nf6 2. d4 e6 3. Bg5 d5 4. e3 c6 5. Nbd2 Nbd7 6. Bd3 Be7 7. c3 O-O 8. Ne5 h6 9. h4 Nxe5 10. dxe5 Nd7 11. f4 f5 12. Bxe7 Qxe7 13. Qe2 b6 14. g4 Nc5 15. gxf5 exf5 16. Nf3 Be6 17. h5 Ne4 18. Bxe4 dxe4 19. Nd4 Rad8 20. Nxc6 Qc5 21. Nxd8 Rxd8 22. Rd1 Rxd1+ 23. Kxd1 Bxa2 24. Ke1 Bc4 25. Qd2 Bd3 26. Kf2 a5 27. Rg1 Qe7 28. Kg3 Kh7 29. Qg2 b5 30. Kh3 Kh8 31. Qg6 Bc4 32. Qd6 Qf7 33. Rg6 Be2 34. e6 Qe8 35. Qd7 Bg4+ 36. Kg3 Qg8 37. e7 Bxh5 38. e8=Q Bxg6 39. Qxg6 a4 40. Qde8 Qxe8 41. Qxe8+ Kh7 42. Qxb5 1-0


[Site "https://www.chess.com"]

[Event "Titled Tuesday Blitz November 08 Late 2022"]
[White "Guimaraes, Marcelo Cunha"]
[Black "Young, Ryan"]
[WhiteFideId "2118068"]
[BlackFideId "2049945"]
[WhiteElo "2108"]
[BlackElo "2281"]
[Result "0-1"]
[Round "06"]
[TimeControl "180+1"]
[Date "2022.11.09"]
[WhiteClock "0:02:35"]
[BlackClock "0:02:45"]

1. e4 e5 2. Nf3 Nc6 3. Bb5 a6 4. Ba4 b5 5. Bb3 Na5 6. Nxe5 Nxb3 7. axb3 Qg5 8. Nf3 Qxg2 9. Rg1 Qh3 10. Nc3 Bb7 11. Nxb5 axb5 0-1


[Site "https://www.chess.com"]

[Event "Titled Tuesday Blitz November 08 Late 2022"]
[White "Guzman, Christopher"]
[Black "Haszon, David"]
[WhiteFideId "6405096"]
[BlackFideId "733610"]
[WhiteElo "2272"]
[BlackElo "2211"]
[Result "0-1"]
[Round "06"]
[TimeControl "180+1"]
[Date "2022.11.09"]
[WhiteClock "0:02:49"]
[BlackClock "0:02:38"]

1. e4 c6 2. d4 d5 3. exd5 cxd5 4. Bd3 Nc6 5. c3 Qc7 6. Ne2 Bg4 7. h3 Bh5 8. O-O e6 9. Qb3 Bd6 10. Re1 Nge7 11. Be3 O-O 12. Nd2 a6 13. Nf1 Rac8 14. Rac1 b5 15. a3 Na5 16. Qc2 Bg6 17. Nfg3 Nc4 18. Bxg6 hxg6 19. Qb3 Nxe3 20. fxe3 Bxg3 0-1


[Site "https://www.chess.com"]

[Event "Titled Tuesday Blitz November 08 Late 2022"]
[White "Hajiyev, Kanan"]
[Black "Brodowski, Piotr"]
[WhiteFideId "13404148"]
[BlackFideId "1124480"]
[WhiteElo "2118"]
[BlackElo "2351"]
[Result "0-1"]
[Round "06"]
[TimeControl "180+1"]
[Date "2022.11.09"]
[WhiteClock "0:00:12"]
[BlackClock "0:00:42"]

1. d4 g6 2. Nf3 Bg7 3. c4 d6 4. Nc3 Nc6 5. g3 Bg4 6. Bg2 Nf6 7. O-O O-O 8. d5 Bxf3 9. exf3 Ne5 10. Qe2 a5 11. Re1 Re8 12. b3 e6 13. f4 Ned7 14. dxe6 Rxe6 15. Be3 Ng4 16. Rac1 Nxe3 17. fxe3 Nc5 18. Qd2 c6 19. Rcd1 Qb6 20. Kh1 Rae8 21. h4 Qb4 22. Rc1 a4 23. Nb1 Qxd2 24. Nxd2 Rxe3 25. Rxe3 Rxe3 26. bxa4 Rxg3 27. a5 Ra3 28. Nb3 Nxb3 29. axb3 Rxb3 30. a6 bxa6 31. Bxc6 Rh3+ 32. Kg2 Rxh4 33. f5 Be5 34. fxg6 hxg6 35. Bd5 Kg7 36. Rb1 a5 37. Rb7 Rf4 38. Ra7 Bc3 39. Kg3 Rf5 40. Be6 Rf6 41. Bd5 Bb4 42. Kg4 Rf2 43. Kg3 Rf5 44. Kg4 Rf1 45. Bg2 Rg1 46. Kh3 g5 47. Bd5 Rf1 48. Kg4 Kg6 49. Be4+ f5+ 50. Bxf5+ Rxf5 0-1


[Site "https://www.chess.com"]

[Event "Titled Tuesday Blitz November 08 Late 2022"]
[White "Han, Yichen"]
[Black "Girsh, Daniel"]
[WhiteFideId "1054430"]
[BlackFideId "30949190"]
[WhiteElo "2323"]
[BlackElo "2075"]
[Result "0-1"]
[Round "06"]
[TimeControl "180+1"]
[Date "2022.11.09"]
[WhiteClock "0:00:57"]
[BlackClock "0:00:46"]

1. e4 c5 2. Nf3 d6 3. d4 cxd4 4. Nxd4 Nf6 5. Nc3 a6 6. a4 e5 7. Nf3 Be7 8. Nd2 d5 9. exd5 Nxd5 10. Nxd5 Qxd5 11. Nc4 Qxd1+ 12. Kxd1 Nc6 13. Nb6 Rb8 14. Nxc8 Rxc8 15. Bd3 O-O 16. c3 f5 17. f3 Rcd8 18. Ke2 g6 19. Be3 Rfe8 20. Rhd1 Bf6 21. Bb6 Rc8 22. Bc4+ Kg7 23. Rd7+ Re7 24. Rxe7+ Nxe7 25. Bb3 Rc6 26. a5 Nc8 27. Be3 Be7 28. Bd5 Rc7 29. Rd1 Rd7 30. b4 Nd6 31. Bb3 Rc7 32. f4 Ne4 33. fxe5 Nxc3+ 34. Kd2 Nxd1 35. Kxd1 Rc3 36. Bd5 Rd3+ 37. Ke2 Rxd5 0-1


[Site "https://www.chess.com"]

[Event "Titled Tuesday Blitz November 08 Late 2022"]
[White "Hansen, Eric"]
[Black "Pakleza, Zbigniew"]
[WhiteFideId "2606771"]
[BlackFideId "1119290"]
[WhiteElo "2568"]
[BlackElo "2411"]
[Result "1-0"]
[Round "06"]
[TimeControl "180+1"]
[Date "2022.11.09"]
[WhiteClock "0:00:18"]
[BlackClock "0:00:02"]

1. d4 d5 2. c4 c6 3. Nc3 Nf6 4. e3 Qb6 5. Nge2 Bf5 6. Ng3 Bg6 7. h4 h6 8. h5 Bh7 9. Bd3 Bxd3 10. Qxd3 e6 11. O-O Nbd7 12. e4 Qa6 13. b3 Nb6 14. exd5 cxd5 15. Nb5 Rc8 16. c5 Na8 17. Bf4 Be7 18. Bd6 Rc6 19. Bxe7 Kxe7 20. a4 Qa5 21. b4 Qxb4 22. Nxa7 Rc7 23. Rfb1 Qc4 24. Qe3 Rb8 25. Nb5 Rc6 26. Qf4 Nd7 27. Nd6 Rxd6 28. Qxd6+ Kd8 29. a5 Nc7 30. a6 Nxa6 31. Rc1 Qb5 32. c6 bxc6 33. Rxc6 Rb7 34. Rcxa6 1-0


[Site "https://www.chess.com"]

[Event "Titled Tuesday Blitz November 08 Late 2022"]
[White "Harvey, Marcus R"]
[Black "Swiercz, Dariusz"]
[WhiteFideId "400092"]
[BlackFideId "1126881"]
[WhiteElo "2457"]
[BlackElo "2627"]
[Result "0-1"]
[Round "06"]
[TimeControl "180+1"]
[Date "2022.11.08"]
[WhiteClock "0:00:25"]
[BlackClock "0:00:19"]

1. Nf3 Nf6 2. b3 g6 3. Bb2 Bg7 4. g3 O-O 5. Bg2 d5 6. c4 c6 7. O-O Bg4 8. d3 Bxf3 9. Bxf3 e6 10. Nc3 Nbd7 11. Rc1 Re8 12. Bg2 a6 13. Qd2 Qe7 14. e3 Rad8 15. Qe2 h5 16. Rfd1 Ne5 17. d4 Ned7 18. Rc2 Rb8 19. Rcd2 Red8 20. e4 dxe4 21. Nxe4 Nxe4 22. Qxe4 Re8 23. d5 Bxb2 24. Rxb2 Nf6 25. Qf4 exd5 26. cxd5 cxd5 27. Rbd2 Qe5 28. Qxe5 Rxe5 29. Bxd5 Nxd5 30. Rxd5 Rbe8 31. Rxe5 Rxe5 32. Rd7 Rb5 33. Kg2 Kg7 34. f4 a5 35. Kf3 Rb4 36. Rd3 Kf6 37. a3 Rb6 38. Ke4 Re6+ 39. Kf3 b6 40. Rd5 Rc6 41. Rb5 Ke6 42. f5+ gxf5 43. Kf4 f6 44. a4 Rd6 45. Rxf5 Rd4+ 46. Ke3 Kxf5 47. Kxd4 Kg4 48. b4 Kh3 49. Kc4 Kxh2 50. bxa5 bxa5 51. Kb5 Kxg3 52. Kxa5 h4 53. Kb6 h3 54. a5 h2 55. a6 h1=Q 56. a7 Qa8 0-1


[Site "https://www.chess.com"]

[Event "Titled Tuesday Blitz November 08 Late 2022"]
[White "Holt, Conrad"]
[Black "Kavutskiy, Konstantin"]
[WhiteFideId "2034387"]
[BlackFideId "2026384"]
[WhiteElo "2592"]
[BlackElo "2338"]
[Result "1-0"]
[Round "06"]
[TimeControl "180+1"]
[Date "2022.11.08"]
[WhiteClock "0:02:28"]
[BlackClock "0:01:45"]

1. d4 Nf6 2. c4 g6 3. Nc3 Bg7 4. e4 d6 5. Nf3 O-O 6. h3 e5 7. dxe5 dxe5 8. Qxd8 Rxd8 9. Bg5 Re8 10. Nd5 Nxd5 11. cxd5 c6 12. Bc4 b5 13. Bb3 a5 14. a3 a4 15. Ba2 Bb7 16. Rc1 Rc8 17. Be3 Na6 18. dxc6 Rxc6 19. O-O Rxc1 20. Rxc1 Rc8 21. Rxc8+ Bxc8 22. Ng5 b4 23. axb4 Nxb4 24. Bxf7+ Kf8 25. Bc5# 1-0


[Site "https://www.chess.com"]

[Event "Titled Tuesday Blitz November 08 Late 2022"]
[White "Howell, David W L"]
[Black "Ali Abdullahi, Farah"]
[WhiteFideId "410608"]
[BlackFideId "16100212"]
[WhiteElo "2567"]
[BlackElo "2270"]
[Result "1-0"]
[Round "06"]
[TimeControl "180+1"]
[Date "2022.11.09"]
[WhiteClock "0:00:04"]
[BlackClock "0:00:46"]

1. d4 d5 2. Bf4 Bf5 3. c4 e6 4. e3 Nf6 5. Qb3 b6 6. Nc3 c6 7. Rc1 Bd6 8. Bxd6 Qxd6 9. cxd5 exd5 10. Nf3 Nbd7 11. Be2 O-O 12. O-O h6 13. Rfd1 Rfe8 14. Bd3 Bxd3 15. Rxd3 c5 16. Qa3 Qe6 17. dxc5 Nxc5 18. Rdd1 Nce4 19. Nxe4 dxe4 20. Nd4 Qe5 21. Nc6 Qc7 22. h3 Kh8 23. Qd6 Qb7 24. Nd4 Rad8 25. Qg3 Qa6 26. Nf5 g6 27. Nxh6 Qa4 28. Nxf7+ Kg7 29. Nxd8 Re7 30. Rd6 Qb4 31. Nc6 Qxb2 32. Nxe7 Qxc1+ 33. Kh2 Kf7 34. Qxg6+ Kxe7 35. Qxf6+ Ke8 36. Re6+ Kd7 37. Re7+ Kc8 38. Qf5+ Kb8 39. Qe5+ Ka8 40. Qxe4+ Kb8 41. Qf4+ Kc8 42. Qf5+ Kd8 43. Qf8# 1-0


[Site "https://www.chess.com"]

[Event "Titled Tuesday Blitz November 08 Late 2022"]
[White "Hryzlova, Sofiia"]
[Black "Rasulov, Vugar"]
[WhiteFideId "14174669"]
[BlackFideId "13402390"]
[WhiteElo "1992"]
[BlackElo "2509"]
[Result "0-1"]
[Round "06"]
[TimeControl "180+1"]
[Date "2022.11.08"]
[WhiteClock "0:01:25"]
[BlackClock "0:01:43"]

1. Nf3 d5 2. g3 Nc6 3. Bg2 e5 4. d3 f6 5. O-O Be6 6. Nbd2 Qd7 7. e4 d4 8. a4 Bh3 9. Nh4 Bxg2 10. Nxg2 h5 11. f4 O-O-O 12. b3 h4 13. fxe5 hxg3 14. hxg3 Nxe5 15. Nf3 Qh3 16. Nxe5 fxe5 17. Qf3 Nf6 18. Bg5 Be7 19. Qf5+ Qxf5 20. Rxf5 Bd6 21. Bxf6 gxf6 22. Nh4 Rdg8 23. Kf2 Bb4 24. Rf1 Bd2 25. Rxf6 Be3+ 26. Kg2 Bg5 27. Rg6 Bxh4 28. Rxg8+ Rxg8 29. Rf3 Kd7 30. Kh3 Be7 31. Rf5 Ke6 32. g4 Bf6 33. Kg3 c5 34. Rh5 Rh8 35. Rxh8 Bxh8 36. Kh4 a6 37. Kh5 Kf7 38. Kg5 Bg7 39. Kf5 b5 40. axb5 axb5 41. g5 Bh8 42. g6+ Ke7 43. Kg5 Bg7 44. Kf5 Kd6 45. Kg5 Ke6 0-1


[Site "https://www.chess.com"]

[Event "Titled Tuesday Blitz November 08 Late 2022"]
[White "Ibadov, Dashgyn"]
[Black "Gritsenko, Nikolai"]
[WhiteFideId "24107514"]
[BlackFideId "14112493"]
[WhiteElo "2208"]
[BlackElo "2389"]
[Result "1/2-1/2"]
[Round "06"]
[TimeControl "180+1"]
[Date "2022.11.09"]
[WhiteClock "0:00:28"]
[BlackClock "0:00:01"]

1. d4 d5 2. c4 Nc6 3. cxd5 Qxd5 4. e3 e5 5. Nc3 Bb4 6. Bd2 Bxc3 7. Bxc3 exd4 8. Ne2 Nf6 9. Nxd4 Bg4 10. Be2 Qxg2 11. Rf1 O-O-O 12. Qa4 Bxe2 13. Nxe2 Ne4 14. Bxg7 Rhg8 15. Bd4 Qf3 16. Qc2 Nxd4 17. exd4 Rg6 18. Qb3 Qh5 19. Qxf7 Qa5+ 20. Nc3 Nxc3 21. bxc3 Qxc3+ 22. Ke2 Qxd4 23. Qf5+ Kb8 24. Rfd1 Re8+ 25. Kf1 Qc4+ 26. Qd3 Qxd3+ 27. Rxd3 Rd6 28. Rxd6 cxd6 29. Kg2 b6 30. f4 Kc7 31. Kf3 d5 32. Rg1 Kd6 33. f5 Re4 34. Rg7 Rh4 35. Rxa7 Rxh2 36. f6 Rh6 37. f7 Rf6+ 38. Ke3 h5 39. Rb7 Ke5 40. Rxb6 Rxf7 41. Rh6 Rf5 42. a4 d4+ 43. Kd3 Rf3+ 44. Kd2 Ra3 45. Rxh5+ Kd6 46. a5 Kc6 47. Kc2 d3+ 48. Kd2 Kb7 1/2-1/2


[Site "https://www.chess.com"]

[Event "Titled Tuesday Blitz November 08 Late 2022"]
[White "Indjic, Aleksandar"]
[Black "Bortnyk, Olexandr"]
[WhiteFideId "911925"]
[BlackFideId "14120828"]
[WhiteElo "2592"]
[BlackElo "2723"]
[Result "1-0"]
[Round "06"]
[TimeControl "180+1"]
[Date "2022.11.08"]
[WhiteClock "0:00:09"]
[BlackClock "0:00:09"]

1. d4 g6 2. Nc3 d5 3. Bf4 Nf6 4. e3 Bg7 5. h4 h5 6. Nf3 O-O 7. Be2 Bg4 8. Ne5 Bxe2 9. Qxe2 c5 10. O-O-O Nc6 11. g4 Nxe5 12. dxe5 Nxg4 13. Rxd5 Qa5 14. f3 e6 15. fxg4 exd5 16. gxh5 d4 17. Nd5 Qxa2 18. Ne7+ Kh7 19. Qg4 Qa1+ 20. Kd2 dxe3+ 21. Kxe3 Qa6 22. Rg1 Rae8 23. hxg6+ fxg6 24. Nxg6 Rf7 25. Qh5+ Kg8 26. Bh6 Qc4 27. c3 Rd8 28. Nf4 Rd4 29. Rxg7+ Rxg7 30. Qe8+ Kh7 31. Bxg7 Re4+ 32. Kd2 Rxf4 33. Qh8+ Kg6 34. h5+ Kf5 35. Qh7+ Kg4 36. Qg6+ Kh3 37. Qd3+ Qxd3+ 38. Kxd3 c4+ 39. Ke3 Kg4 40. h6 Rf3+ 41. Ke4 Rh3 42. e6 Rh1 43. Ke5 Kg5 44. e7 Re1+ 45. Kd6 Kg6 46. Be5 Kf7 47. h7 Rd1+ 48. Bd4 Rh1 49. Kd7 Re1 50. h8=Q Rxe7+ 51. Kd8 1-0


[Site "https://www.chess.com"]

[Event "Titled Tuesday Blitz November 08 Late 2022"]
[White "Ivanisevic, Ivan"]
[Black "Krishnan, Varun"]
[WhiteFideId "912417"]
[BlackFideId "5054508"]
[WhiteElo "2582"]
[BlackElo "2517"]
[Result "0-1"]
[Round "06"]
[TimeControl "180+1"]
[Date "2022.11.09"]
[WhiteClock "0:00:01"]
[BlackClock "0:00:04"]

1. Nf3 d5 2. g3 Nf6 3. Bg2 c6 4. O-O Bg4 5. c4 Bxf3 6. Bxf3 e5 7. d3 Bc5 8. Qc2 Bb6 9. Bg5 dxc4 10. Qxc4 h6 11. Bd2 O-O 12. Nc3 Nbd7 13. b4 Bd4 14. Rab1 Nb6 15. Qb3 Re8 16. b5 Rc8 17. bxc6 bxc6 18. Ne4 Nxe4 19. Bxe4 Nd5 20. e3 Bb6 21. Rfc1 Nf6 22. Bxc6 Re7 23. Bg2 Rec7 24. Rxc7 Rxc7 25. a4 Rd7 26. Bf1 Ne4 27. Bb4 Ng5 28. a5 Bxa5 29. Bxa5 Qxa5 30. Qb8+ Rd8 31. Qb7 Ne6 32. Qe7 Qd5 33. h4 Rd7 34. Qe8+ Kh7 35. Bh3 Qxd3 36. Rb8 Rd8 37. Qxf7 Qd1+ 38. Kh2 Rxb8 39. Bf5+ Kh8 40. Bxe6 Qe2 41. Kg2 e4 42. Qxa7 Qf3+ 43. Kh3 Rf8 44. Qd4 Qxf2 45. Qxe4 Rf3 46. Qg4 Rf8 47. Qe4 Qf1+ 48. Kg4 Qe2+ 49. Kh3 Qf1+ 50. Kg4 Qd1+ 51. Kh3 Qd8 52. Kg4 Qf6 53. Bf5 h5+ 54. Kf4 Qh6+ 55. Ke5 Re8+ 56. Be6 Qxe6+ 57. Kd4 Qxe4+ 0-1


[Site "https://www.chess.com"]

[Event "Titled Tuesday Blitz November 08 Late 2022"]
[White "Jobava, Baadur"]
[Black "Mardov, Dimitar"]
[WhiteFideId "13601520"]
[BlackFideId "30919495"]
[WhiteElo "2582"]
[BlackElo "2332"]
[Result "1-0"]
[Round "06"]
[TimeControl "180+1"]
[Date "2022.11.08"]
[WhiteClock "0:00:12"]
[BlackClock "0:00:06"]

1. d4 Nf6 2. Nc3 d5 3. Bf4 e6 4. Nb5 Na6 5. e3 c6 6. Nc3 Nc7 7. Nf3 Bd6 8. Bd3 O-O 9. O-O b6 10. Re1 Bb7 11. Ne5 c5 12. Qf3 c4 13. Bxc4 Rc8 14. Bd3 Nce8 15. Qh3 g6 16. Bh6 Ng7 17. Bg5 Be7 18. f4 Nf5 19. g4 Nd6 20. Bxf6 Bxf6 21. g5 Bg7 22. Qg3 a6 23. h4 b5 24. Re2 Nc4 25. Bxc4 dxc4 26. a3 a5 27. Rh2 b4 28. axb4 axb4 29. Ne2 h5 30. gxh6 Bxe5 31. fxe5 Kh7 32. Rf1 Qd5 33. h5 Qe4 34. Rf4 Qxc2 35. Rhf2 Qd1+ 36. Rf1 Qxe2 37. Rxf7+ Rxf7 38. Rxf7+ Kh8 39. Rh7+ 1-0


[Site "https://www.chess.com"]

[Event "Titled Tuesday Blitz November 08 Late 2022"]
[White "Jorquera, Marcelo"]
[Black "Dahlgren, James Allen"]
[WhiteFideId "3401197"]
[BlackFideId "22256873"]
[WhiteElo "2136"]
[BlackElo "2191"]
[Result "1-0"]
[Round "06"]
[TimeControl "180+1"]
[Date "2022.11.09"]
[WhiteClock "0:02:00"]
[BlackClock "0:01:57"]

1. e4 e6 2. Qe2 d5 3. exd5 Qxd5 4. Nc3 Qd8 5. g3 Nf6 6. Bg2 Bc5 7. Nf3 O-O 8. O-O Nbd7 9. d3 a5 10. Ne4 Nxe4 11. dxe4 e5 12. Rd1 Qe7 13. Bg5 f6 14. Be3 Bxe3 15. Qxe3 Nc5 16. Nh4 g6 17. Rd2 Be6 18. Rad1 Rfd8 19. Rxd8+ Rxd8 20. Rxd8+ Qxd8 21. Qxc5 Qd1+ 22. Bf1 Bh3 23. Ng2 1-0


[Site "https://www.chess.com"]

[Event "Titled Tuesday Blitz November 08 Late 2022"]
[White "Kamsky, Gata"]
[Black "Bluebaum, Matthias"]
[WhiteFideId "2000024"]
[BlackFideId "24651516"]
[WhiteElo "2666"]
[BlackElo "2633"]
[Result "1-0"]
[Round "06"]
[TimeControl "180+1"]
[Date "2022.11.08"]
[WhiteClock "0:00:19"]
[BlackClock "0:00:02"]

1. d4 Nf6 2. Bf4 d5 3. e3 c5 4. c3 Nc6 5. Nd2 Bf5 6. Qb3 Qc8 7. dxc5 e5 8. Bg3 Be6 9. Ngf3 Nd7 10. Qd1 Bxc5 11. Bb5 f6 12. c4 dxc4 13. Bxc4 Nb6 14. Bd3 Be7 15. a3 O-O 16. O-O Bf7 17. Qc2 g6 18. Rac1 Qe6 19. Ne4 Rfd8 20. Rfd1 Qb3 21. Qb1 Qa2 22. Qxa2 Bxa2 23. Bb5 Bb3 24. Rd2 Ba4 25. Be2 Bb3 26. h3 Kg7 27. Nc5 Bxc5 28. Rxc5 Be6 29. Bb5 Rxd2 30. Nxd2 Rd8 31. Ne4 Rd1+ 32. Kh2 Bd7 33. b4 a6 34. Be2 Ra1 35. b5 axb5 36. Rxb5 Nc8 37. Rxb7 Rxa3 38. Rxd7+ N6e7 39. Bh4 g5 40. Nxg5 fxg5 41. Bxg5 Kf7 42. Bh5+ Ke6 43. Bg4+ Kf7 44. Rc7 Ra6 45. Bxc8 Kg6 46. Bxe7 1-0


[Site "https://www.chess.com"]

[Event "Titled Tuesday Blitz November 08 Late 2022"]
[White "Kazakov, Mikhail"]
[Black "Taboas Rodriguez, Daniel"]
[WhiteFideId "14102749"]
[BlackFideId "2208466"]
[WhiteElo "2413"]
[BlackElo "2329"]
[Result "0-1"]
[Round "06"]
[TimeControl "180+1"]
[Date "2022.11.09"]
[WhiteClock "0:00:02"]
[BlackClock "0:00:07"]

1. e4 e5 2. Nf3 Nc6 3. Bb5 Nf6 4. d3 d6 5. O-O g6 6. c3 Bd7 7. Re1 Bg7 8. Nbd2 O-O 9. Nf1 Nh5 10. Ng3 Nf4 11. d4 a6 12. Ba4 Re8 13. Bb3 h6 14. Be3 Qe7 15. Qd2 g5 16. h3 Rad8 17. Rad1 h5 18. Bc2 g4 19. hxg4 hxg4 20. Nh2 Bh6 21. Nf5 Bxf5 22. exf5 Qh4 23. g3 Nh3+ 24. Kg2 Bxe3 25. Qxe3 Qh5 26. Qe4 exd4 27. Qxg4+ Qxg4 28. Nxg4 Rxe1 29. Rxe1 Ng5 30. f4 Nh7 31. f6 dxc3 32. bxc3 d5 33. Rh1 Nxf6 34. Nxf6+ Kg7 35. Nh5+ Kf8 36. Nf6 Kg7 37. Ng4 d4 38. cxd4 Rxd4 39. Rh7+ Kf8 40. Rh8+ Ke7 41. Kf2 Rd2+ 42. Kf3 Rxc2 43. Ne3 Rxa2 44. Nd5+ Kd6 45. Nf6 Ra3+ 46. Kg4 Ke6 47. Ne4 Nd4 48. Ng5+ Ke7 49. Rh7 Ne2 50. Rxf7+ Kd8 51. Ne6+ Kc8 52. Rxc7+ Kb8 53. Rh7 Rxg3+ 54. Kf5 Re3 55. Kf6 Re4 56. f5 a5 0-1


[Site "https://www.chess.com"]

[Event "Titled Tuesday Blitz November 08 Late 2022"]
[White "Kekic, Armin"]
[Black "Da Matta, Eduardo Cesar"]
[WhiteFideId "14401274"]
[BlackFideId "2193108"]
[WhiteElo "2132"]
[BlackElo "1981"]
[Result "1-0"]
[Round "06"]
[TimeControl "180+1"]
[Date "2022.11.09"]
[WhiteClock "0:00:13"]
[BlackClock "0:00:10"]

1. e4 c5 2. Nf3 d6 3. d4 cxd4 4. Nxd4 Nf6 5. Nc3 Nc6 6. Rg1 g6 7. Nb3 Bg7 8. Bd3 a6 9. Bg5 h6 10. Bf4 Be6 11. Qe2 Qc7 12. g4 Qd7 13. h3 Qc7 14. Bg3 Ne5 15. f4 Nc4 16. f5 Nxb2 17. Nd1 Nxd3+ 18. cxd3 Bxb3 19. axb3 Nxe4 20. Qxe4 gxf5 21. gxf5 Bxa1 22. Qa4+ Qc6 23. Qxa1 O-O-O 24. Bf2 Rhg8 25. Rxg8 Rxg8 26. Qd4 Rg5 27. Ne3 Qh1+ 28. Ke2 Qc6 29. Nd5 Qc2+ 30. Kf1 Qd1+ 31. Be1 Qf3+ 32. Bf2 e6 33. Nb6+ Kc7 34. Qc4+ Qc6 35. fxe6 fxe6 36. Qf4 Rf5 37. Qxh6 Qxb6 38. Qh7+ Kc6 39. Qxf5 exf5 40. Bxb6 Kxb6 41. h4 Kc6 42. h5 Kd7 43. h6 Ke7 44. h7 1-0


[Site "https://www.chess.com"]